 Dungeon Sprint DCSS version 0.30.0-13-g156ef70053 (webtiles) character file.

Game seed: 7483948991797691884

446 workbot the Cleaver (level 6, -2/42 (51) HPs)
             Began as a Minotaur Berserker on May 17, 2023.
             Was a Believer of Trog.
             Slain by Sonja
             ... wielding a +1 dagger of draining
              (17 damage)
             ... in the Dungeon (Sprint I: "Red Sonja").
             The game lasted 00:01:41 (485 turns).

workbot the Cleaver (Minotaur Berserker)             Turns: 485, Time: 00:01:42

HP:   -2/42 (51)    AC:  2    Str: 24    XL:     6   Next: 73%
MP:   5/5           EV: 12    Int:  4    God:    Trog [**....]
Gold: 324           SH:  0    Dex:  9    Spells: 5/5 levels left

rFire   . . .        a - +0 hand axe
rCold   . . .        (no shield)
rNeg    . . .        b - +0 animal skin
rPois   .            (helmet restricted)
rElec   .            (no cloak)
rCorr   .            (no gloves)
SInv    .            (no boots)
Will    ++...        (no amulet)
Stlth   ++           (no ring)
HPRegen 1.27/turn    (no ring)
MPRegen 0.09/turn

%: no teleportation
@: strong-willed, on berserk cooldown, regenerating, heavily drained
A: horns 2, retaliatory headbutt
a: Renounce Religion, Berserk, Trog's Hand


You were in the Dungeon.
You worshipped Trog.
Trog was pleased with you.
You visited 1 branch You collected 324 gold pieces.

Inventory:

Hand Weapons
 a - a +0 hand axe (weapon)
Armour
 b - a +0 animal skin (worn)
Wands
 i - a wand of polymorph (2)
Scrolls
 h - a scroll of blinking
Potions
 d - a potion of heal wounds
 e - a potion of haste
 f - 2 potions of magic
 g - a potion of berserk rage


   Skills:
 - Level 3.6 Fighting
 - Level 14.0 Axes
 - Level 2.4 Armour
 - Level 2.1 Dodging
 + Level 3.8 Stealth
 + Level 8.3 Unarmed Combat


You had 5 spell levels left.
You didn't know any spells.
Your spell library was empty.

Dungeon Overview and Level Annotations

Branches:
Dungeon (1/1)

Altars:
Cheibriados
Dithmenos
Elyvilon
Fedhas
Gozag
Hepliaklqana
Kikubaaqudgha
Nemelex Xobeh
Okawaru
Qazlal
Ru
Sif Muna
Trog
Uskayaw
Vehumet
Wu Jian
Yredelemnul
Zin
The Shining One

Shops:
D =

Annotations:
D Sonja


Innate Abilities, Weirdness & Mutations

You have a pair of horns on your head.
You reflexively headbutt those who attack you in melee.


Message History

You open the door.
Sonja, the Graceful Assassin comes into view.
She is wielding a +1 dagger of draining and quivering curare-tipped darts.
Found 108 gold pieces.
You're still recovering from your berserk rage.
Your skin crawls.
You feel strong-willed.
You feel yourself speed up.
There is an open door here.
The helpless Sonja fails to defend herself.
You hit Sonja.
Sonja is lightly wounded.
Sonja barely misses you. x2
Sonja hits you with a +1 dagger of draining.
You feel drained.
You hit Sonja. Your headbutt misses Sonja.
Sonja is moderately wounded.
Sonja completely misses you.
Sonja hits you with a +1 dagger of draining.
You feel drained.
Sonja hits you with a +1 dagger of draining.
You feel drained.
You slash Sonja!
Sonja is severely wounded.
Sonja drinks a potion.
Sonja seems to grow stronger.
You slash Sonja! Your headbutt misses Sonja. Your punch misses Sonja.
Sonja is almost dead.
Sonja hits you with a +1 dagger of draining!
You feel drained. Sonja closely misses you. Sonja barely misses you.
You hit Sonja.
Sonja is almost dead.
Sonja hits you with a +1 dagger of draining!
* * * LOW HITPOINT WARNING * * *
You feel drained.
* * * LOW HITPOINT WARNING * * *
Sonja barely misses you.
Sonja hits you with a +1 dagger of draining.
* * * LOW HITPOINT WARNING * * *
You feel drained.
You feel better.
Sonja hits you with a +1 dagger of draining!
You die...

#..#####'#####'#
#..####..#...#.#
#..#__####..##.#
#..#_____##'#_.+
#⌠⌠#_.∩...†..._#
####_..__##_.#+#
#_____###'#
#########.##


+$@$+ #$K$# ##.## #+# You could see Sonja (strong).

Vanquished Creatures
  Sigmund (D)
  A yak (D)
  An ogre (D)
  A jelly (D)
  Ijyb (D)
5 creatures vanquished.

Notes
Turn   | Place    | Note
-------+----------+-------------------------------------------
     0 | D        | workbot the Minotaur Berserker began the quest for the Orb.
     0 | D        | Reached XP level 1. HP: 19/19 MP: 0/0
     1 | D        | Noticed Ijyb
    19 | D        | Killed Ijyb
    20 | D        | Reached skill level 7 in Axes
    20 | D        | Reached skill level 1 in Unarmed Combat
    20 | D        | Reached XP level 2. HP: 18/26 MP: 1/1
    28 | D        | Noticed an ogre
    32 | D        | Killed an ogre
    33 | D        | Reached skill level 11 in Axes
    33 | D        | Reached XP level 3. HP: 5/31 MP: 2/2
    33 | D        | Reached XP level 4. HP: 6/39 MP: 3/3
   171 | D        | Noticed Sigmund
   192 | D        | Killed Sigmund
   192 | D        | Reached ** piety under Trog
   193 | D        | Reached skill level 14 in Axes
   193 | D        | Reached XP level 5. HP: 4/45 MP: 4/4
   193 | D        | Reached XP level 6. HP: 4/51 MP: 5/5
   399 | D        | Found an ornate altar of the Wu Jian Council.
   399 | D        | Found a shimmering blue altar of Sif Muna.
   401 | D        | Found a radiant altar of Vehumet.
   405 | D        | Reached skill level 1 in Stealth
   405 | D        | Reached skill level 5 in Unarmed Combat
   433 | D        | Found Iguttita's Jewellery Emporium.
   433 | D        | Found an ancient bone altar of Kikubaaqudgha.
   433 | D        | Found a hazy altar of Hepliaklqana.
   433 | D        | Found a stormy altar of Qazlal.
   433 | D        | Found a hide-covered altar of Uskayaw.
   433 | D        | Found a blossoming altar of Fedhas.
   433 | D        | Found a bloodstained altar of Trog.
   433 | D        | Found an iron altar of Okawaru.
   433 | D        | Found a basalt altar of Yredelemnul.
   433 | D        | Found a glowing golden altar of the Shining One.
   433 | D        | Found a snail-covered altar of Cheibriados.
   433 | D        | Found a sacrificial altar of Ru.
   433 | D        | Found a glowing silver altar of Zin.
   433 | D        | Found a shadowy altar of Dithmenos.
   433 | D        | Found a white marble altar of Elyvilon.
   433 | D        | Noticed a yak
   439 | D        | Killed a yak
   440 | D        | Found an opulent altar of Gozag.
   441 | D        | Found a sparkling altar of Nemelex Xobeh.
   475 | D        | Noticed Sonja
   485 | D        | Slain by Sonja

Illustrated notes

Levels and vault maps discovered:
D:        dungeon_sprint_1 [red_sonja_temple_1, red_sonja_temple_small_1]

Skill      XL: |  1  2  3  4  5  6 |
---------------+-------------------+-----
Axes           | 7 11 14 | 14.0
Unarmed Combat | 1 2 4 8 |  8.3
Stealth        | 3 |  3.8
Fighting       | |  3.6
Armour         | |  2.4
Dodging        | |  2.1

Action                     |  1- 3 |  4- 6 || total
---------------------------+-------+-------++-------
  Melee: Unarmed           |    15 |       ||    15
         Hand axe          |     5 |    25 ||    30
         Headbutt          |     2 |     3 ||     5
         Punch             |       |     1 ||     1
 Invoke: Berserk           |       |     2 ||     2
         Trog's Hand       |       |     1 ||     1
    Use: Potion            |       |     1 ||     1
   Stab: Sleeping          |       |     1 ||     1
 Armour: Animal skin       |     1 |     1 ||     2
  Dodge: Dodged            |    11 |     9 ||    20
